Cogmind - Beta 11 @@@ ROGUE MODE // 2022.03.19 @ 23:40:53 Player: Red Box Result: Self-destructed Performance ------------- Evolutions (2) 1000 Regions Visited (5) 1000 Robots Destroyed (53) 265 Value Destroyed (1496) 1496 Prototype IDs (7) 140 Alien Tech Used (0) 0 Bonus (81) 81 TOTAL SCORE: 3982 Bonus ------- High Alert Combat Kills 78 Follower Combat Kills 180 Friendly Fire -177 Cogmind --------- Core Integrity 500/550 Matter 174/300 Energy 280/280 System Corruption 0% Temperature Cool (6) Movement Walking (196) Ox1 Location -8/Materials Parts ------- > --- POWER (1) -------- Heavy Ion Engine > --- PROPULSION (3) --- Carbon-fiber Leg Carbon-fiber Leg Makeshift Leg > --- UTILITY (5) ------ High-capacity Storage Unit Advanced Visual Processing Unit Advanced Targeting Computer Hardened Medium Armor Plating Reflective Plating > --- WEAPON (2) ------- Missile Launcher > --- INVENTORY (20) --- Cooling System High-capacity Battery (250) Advanced Weight Redist. System Machine Analyzer Improved Sensor Array Improved Signal Interpreter Reaction Control System Improved Propulsion Shielding Improved Utility Shielding Reflective Plating Decoy Drone Bay (14/16) Heavy EM Shotgun Light EM Pulse Cannon Light EM Pulse Cannon Minigun Heavy Assault Cannon Hammer Peak State ------------ > --- POWER ------------ Heavy Ion Engine > --- PROPULSION ------- Carbon-fiber Leg Carbon-fiber Leg Makeshift Leg > --- UTILITY ---------- High-capacity Storage Unit Advanced Visual Processing Unit Advanced Targeting Computer Hardened Medium Armor Plating Reflective Plating > --- WEAPON ----------- Heavy Assault Cannon > --- INVENTORY -------- Cooling System High-capacity Battery Advanced Weight Redist. System Machine Analyzer Improved Signal Interpreter Reaction Control System Improved Propulsion Shielding Improved Utility Shielding Reflective Plating Decoy Drone Bay Shock Rifle Light EM Pulse Cannon Light EM Pulse Cannon Light EM Pulse Cannon Light EM Pulse Cannon Light EM Pulse Cannon Minigun Missile Launcher Hammer [Rating: 37] Favorites ----------- Power Ion Engine Engine Ion Engine Propulsion Compact Wheel Leg Carbon-fiber Leg Wheel Compact Wheel Utility High-capacity Storage Unit Device Cooling System Storage High-capacity Storage Unit Processor Advanced Targeting Computer Protection Weapon Shielding Weapon Light EM Pulse Cannon Energy Gun EM Pulse Gun Energy Cannon Light EM Pulse Cannon Ballistic Gun Light Assault Rifle Ballistic Cannon Heavy Assault Cannon Launcher Missile Launcher Impact Weapon Hammer Build | -11 -10 -10 -10 -9 -8 ------- Run | Scr Mat Min Exi Min Mat Slots Evolved 4 | . . . . . 4 Power . | . . . . . . Propulsion 1 | . . . . . 1 Utility 3 | . . . . . 3 Weapon . | . . . . . . Parts Attached 51 | 7 14 5 1 4 20 Power 4 | 1 . 1 . . 2 Engine 4 | 1 . 1 . . 2 Core . | . . . . . . Reactor . | . . . . . . Propulsion 11 | 2 3 . . 1 5 Treads . | . . . . . . Leg 5 | 2 . . . . 3 Wheel 6 | . 3 . . 1 2 Hover . | . . . . . . Flight . | . . . . . . Utility 17 | 2 5 1 1 2 6 Device 5 | 1 2 . . . 2 Storage 5 | 1 2 1 1 . . Processor 2 | . . . . 1 1 Hackware . | . . . . . . Protection 5 | . 1 . . 1 3 Artifact . | . . . . . . Weapon 19 | 2 6 3 . 1 7 Energy Gun 5 | . 3 . . . 2 Energy Cannon 7 | . 3 2 . 1 1 Ballistic Gun 2 | 2 . . . . . Ballistic Cannon 2 | . . . . . 2 Launcher 2 | . . 1 . . 1 Special Weapon . | . . . . . . Impact Weapon 1 | . . . . . 1 Slashing Weapon . | . . . . . . Piercing Weapon . | . . . . . . Special Melee Weapon . | . . . . . . Unidentified Prototypes 3 | . . . . . 3 Parts Lost 4 | . . 1 . 2 1 Power . | . . . . . . Propulsion 1 | . . . . . 1 Utility 1 | . . . . 1 . Weapon 2 | . . 1 . 1 . Highest Loss Streak 2 | . . 1 . 2 1 To Critical Strikes . | . . . . . . Average Slot Usage (%) 97 | . 99 100 100 100 90 Engine 12 | . 14 14 14 14 9 Leg 3 | . 4 . . . 9 Wheel 23 | . 23 28 28 28 17 Device 3 | . 8 . . . 3 Storage 12 | . 14 14 14 14 9 Processor 5 | . . . . 12 14 Protection 10 | . 5 14 14 1 15 Energy Gun 2 | . 8 . . . . Energy Cannon 19 | . 16 27 28 28 7 Ballistic Cannon 1 | . . . . . 5 Naked Turns . | . . . . . . Heaviest Build 72 | 13 34 54 54 54 72 Greatest Support 57 | 20 26 26 26 32 57 Greatest Overweight (x) 3 | 3 1 2 2 2 2 Average Overweight (x) 1 | . . 1 2 1 1 Largest Inventory Capacity 20 | 8 15 20 20 20 20 Average Capacity 17 | 7 13 17 20 20 20 Most Carried 20 | 5 15 20 20 20 20 Average Carried 16 | 1 12 17 19 19 18 Final Capacity 20 | 8 15 20 20 20 20 Final Carried 20 | 5 15 20 20 20 19 Class Distribution -------------------- 100% | Mutant Dominant Class ---------------- Mutant | -10/Materials Mutant | -10/Mines Mutant | -10/Exiles Mutant | -9/Mines Mutant | -8/Materials Resources | -11 -10 -10 -10 -9 -8 ----------- Run | Scr Mat Min Exi Min Mat Matter Collected 956 | 276 144 60 . 40 436 Remotely 130 | 130 . . . . . Salvage Created 1533 | 88 364 332 . 40 709 Parts 90 | 3 25 15 . 4 43 Haulers Intercepted 2 | . 1 . . . 1 Recyclers Shooed 1 | 1 . . . . . Parts Field Recycled . | . . . . . . Retrieved Matter . | . . . . . . Parts Self-Destructed . | . . . . . . Prevented . | . . . . . . Kills | -11 -10 -10 -10 -9 -8 ------- Run | Scr Mat Min Exi Min Mat Combat Hostiles Destroyed 42 | . 10 12 . 1 19 Guns 3 | . 3 . . . . Cannons 25 | . 2 6 . 1 16 AOE 13 | . 4 6 . . 3 Classes Destroyed 9 | 1 4 . . . 4 Worker 2 | . . . . . 2 Hauler 2 | . 1 . . . 1 Recycler 1 | 1 . . . . . Watcher 5 | . 2 . . . 3 Swarmer 17 | . 5 6 . . 6 Grunt 20 | . 5 6 . 1 8 Brawler 2 | . . . . . 2 Duelist 2 | . . . . . 2 Sentry 1 | . . . . . 1 Thug 1 | . . 1 . . . Best Kill Streak 11 | 1 5 3 . 1 11 Combat Bots Only 9 | . 4 3 . 1 9 Max Kills in Single Turn 2 | 1 2 2 . 1 2 Gunslinging . | . . . . . . Exploded 2 | . 2 2 . . 1 Melee . | . . . . . . Uniques/NPCs Destroyed . | . . . . . . Combat | -11 -10 -10 -10 -9 -8 -------- Run | Scr Mat Min Exi Min Mat Damage Taken 1185 | . 117 300 . 85 683 Core 166 | . . 101 . 15 50 Absorbed by Shields . | . . . . . . Redirected to Shielding 68 | . . 37 . 20 11 Core Remaining (%) 76 | 100 . . . 53 . Volleys Fired 106 | 3 19 25 . 3 56 Largest 2 | 2 2 2 . 2 2 Hottest 112 | 40 100 112 . 112 112 Shots Fired 166 | 6 38 48 . 6 68 Gun 27 | 6 21 . . . . Cannon 135 | . 17 47 . 6 65 Launcher 4 | . . 1 . . 3 Special . | . . . . . . Kinetic 51 | 6 4 . . . 41 Thermal 12 | . 12 . . . . Explosive 4 | . . 1 . . 3 Electromagnetic 99 | . 22 47 . 6 24 Robot Hit Streak 9 | 3 6 5 . 2 9 Robot Miss Streak 8 | 1 3 8 . 1 3 Penetration Max . | . . . . . . Secondary Targets . | . . . . . . Shots Hit Robots 97 | 4 24 20 . 4 45 Core Hits 60 | 3 16 16 . 1 24 Critical Kills . | . . . . . . Critical Parts Destroyed . | . . . . . . Critical Strikes 5 | . . 1 . . 4 Blast 4 | . . . . . 4 Corrupt 1 | . . 1 . . . Melee Attacks 1 | . . . . . 1 Impact 1 | . . . . . 1 Slashing . | . . . . . . Piercing . | . . . . . . Sneak Attacks . | . . . . . . Combat Hostiles . | . . . . . . Follow-up Attacks . | . . . . . . Damage Inflicted 3945 | 29 655 1076 . 89 2096 Guns 211 | 29 182 . . . . Cannons 2621 | . 238 466 . 89 1828 Explosions 1113 | . 235 610 . . 268 Melee . | . . . . . . Ramming . | . . . . . . Kinetic 1583 | 29 24 . . . 1530 Thermal 806 | . 327 479 . . . Explosive 399 | . . 131 . . 268 Electromagnetic 1157 | . 304 466 . 89 298 Impact . | . . . . . . Slashing . | . . . . . . Piercing . | . . . . . . Highest Corruption . | . . . . . . Average Corruption . | . . . . . . Corruption Purged . | . . . . . . Corruption Blocked . | . . . . . . Overload Shots . | . . . . . . Overflow Damage 110 | . . 16 . . 94 Projectiles 94 | . . . . . 94 Explosions 16 | . . 16 . . . Melee . | . . . . . . Knockbacks 9 | . . . . . 9 Impact . | . . . . . . Kinetic 9 | . . . . . 9 Secondary . | . . . . . . Self-Inflicted Damage 39 | . 26 . . . 13 Shots 2 | . 1 . . . 1 Rammed . | . . . . . . Targets Rammed . | . . . . . . Kicked . | . . . . . . Crushed . | . . . . . . Highest Temperature 334 | . 27 298 . 109 334 Average Temperature 97 | . 11 102 . 51 105 Received Heat Transfer 456 | . 24 81 . 45 306 Effects 2 | . . 2 . . . Interference 2 | . . 2 . . . Siege Activations . | . . . . . . Robots Corrupted 1 | . 1 . . . . Combat Hostiles 1 | . 1 . . . . Parts Fried 4 | . 3 1 . . . Impact Corruptions . | . . . . . . Robots Melted . | . . . . . . Combat Hostiles . | . . . . . . Parts Melted . | . . . . . . Heat Transferred 949 | . 399 550 . . . Parts Sabotaged . | . . . . . . Parts Stolen . | . . . . . . Parts Stripped . | . . . . . . Power Chain Reactions 6 | . 3 3 . . . Missiles Intercepted . | . . . . . . Alert | -11 -10 -10 -10 -9 -8 ------- Run | Scr Mat Min Exi Min Mat Peak Influence 615 | 5 314 480 . 56 615 Initial 87 | . 3 87 . . . Average 247 | 3 174 359 . 35 368 Maximum Alert Level 2 | . 1 2 . . 2 Low Security (%) 40 | 100 62 3 . 100 9 Level 1 33 | . 37 50 . . 37 Level 2 26 | . . 45 . . 53 Level 3 . | . . . . . . Level 4 . | . . . . . . Level 5 . | . . . . . . High Security . | . . . . . . Max Security . | . . . . . . Squads Dispatched 8 | . 3 1 . . 4 Investigation 5 | . 3 1 . . 1 Extermination . | . . . . . . Reinforcement 2 | . . . . . 2 Assault 1 | . . . . . 1 Garrison . | . . . . . . Intercept . | . . . . . . Searches Triggered . | . . . . . . Construction Impeded . | . . . . . . Haulers Reinforced . | . . . . . . Active Scanning Responses . | . . . . . . Cargo Convoy Interrupts . | . . . . . . Stealth | -11 -10 -10 -10 -9 -8 --------- Run | Scr Mat Min Exi Min Mat Distress Signals 3 | . 1 . . . 2 Communications Jammed . | . . . . . . Distress Signals . | . . . . . . Times Spotted 73 | . 18 19 . 2 34 Peak Tracking Total 5 | . 5 3 . 2 4 Tactical Retreats 10 | . 3 4 . . 3 Traps | -11 -10 -10 -10 -9 -8 ------- Run | Scr Mat Min Exi Min Mat Traps Triggered 1 | . 1 . . . . Indirectly . | . . . . . . Trap Hack Attempts . | . . . . . . Triggered . | . . . . . . Disarmed . | . . . . . . Reprogrammed . | . . . . . . Reused . | . . . . . . Traps Extracted . | . . . . . . Installed . | . . . . . . Triggered . | . . . . . . Machines | -11 -10 -10 -10 -9 -8 ---------- Run | Scr Mat Min Exi Min Mat Machines Disabled 8 | . . 3 . 1 4 Max in Single Turn 2 | . . 2 . . 1 Garrison Access 1 | . . . . . 1 Machines Sabotaged . | . . . . . . Garrisons Compromised . | . . . . . . Overloaded Fab Kills . | . . . . . . Hacking | -11 -10 -10 -10 -9 -8 --------- Run | Scr Mat Min Exi Min Mat Machines Accessed 17 | . 9 1 1 1 5 Terminals 11 | . 7 . . . 4 Fabricators . | . . . . . . Repair Stations . | . . . . . . Recycling Units 3 | . 2 . . . 1 Scanalyzers . | . . . . . . Garrison Access . | . . . . . . Total Hacks 52 | . 32 1 1 1 17 Successful 36 | . 21 1 1 1 12 Failed 15 | . 10 . . . 5 Catastrophic . | . . . . . . Database Lockouts 1 | . 1 . . . . Manual 33 | . 20 . . . 13 Terminals 41 | . 27 . . . 14 Fabricators . | . . . . . . Repair Stations . | . . . . . . Recycling Units 8 | . 5 . . . 3 Scanalyzers . | . . . . . . Garrison Access . | . . . . . . Terminal Hacks 17 | . 10 1 1 1 4 Record 1 | . . . 1 . . Robot Analysis 2 | . 2 . . . . Prototype ID Bank 3 | . 3 . . . . Open Door 2 | . . 1 . 1 . Terminal Index 2 | . 1 . . . 1 Locate Traps 7 | . 4 . . . 3 Fabricator Hacks . | . . . . . . Repair Station Hacks . | . . . . . . Recycling Unit Hacks 3 | . 2 . . . 1 Retrieve Components 3 | . 2 . . . 1 Scanalyzer . | . . . . . . Garrison Access Hacks . | . . . . . . Unauthorized Hacks 16 | . 9 . . . 7 Terminals 12 | . 6 . . . 6 Track 1 | . 1 . . . . Botnet 8 | . 4 . . . 4 Operators 3 | . 1 . . . 2 Fabricators . | . . . . . . Repair Stations . | . . . . . . Recycling Units 4 | . 3 . . . 1 Reject 1 | . 1 . . . . Tunnel 3 | . 2 . . . 1 Scanalyzers . | . . . . . . Garrison Access . | . . . . . . Data Cores Recovered . | . . . . . . Used . | . . . . . . Hacking Detections 12 | . 7 . . . 5 Full Trace Events . | . . . . . . Feedback Events . | . . . . . . Feedback Blocked . | . . . . . . Robot Schematics Acquired . | . . . . . . Robots Built . | . . . . . . Authchips . | . . . . . . Time . | . . . . . . Total Robot Build Rating . | . . . . . . Part Schematics Acquired . | . . . . . . Parts Built . | . . . . . . Authchips . | . . . . . . Time . | . . . . . . Total Part Build Rating . | . . . . . . Parts Repaired . | . . . . . . Time . | . . . . . . Parts Recycled . | . . . . . . Recycled Matter . | . . . . . . Retrieved Matter . | . . . . . . Retrieved Components 18 | . 9 . . . 9 Parts Scanalyzed . | . . . . . . Part Schematics Acquired . | . . . . . . Parts Damaged . | . . . . . . Bothacking | -11 -10 -10 -10 -9 -8 ------------ Run | Scr Mat Min Exi Min Mat Used RIF Installer . | . . . . . . Robots Hacked . | . . . . . . Non-combat . | . . . . . . Combat . | . . . . . . Robot Hacks Applied . | . . . . . . Relay Couplers Released 3 | . . . . . 3 Machine Destruction 3 | . . . . . 3 Fabnet Peak Effective % . | . . . . . . Robots Rewired . | . . . . . . Allies Hacked . | . . . . . . Hacks Repelled . | . . . . . . Allies | -11 -10 -10 -10 -9 -8 -------- Run | Scr Mat Min Exi Min Mat Total Allies 4 | . . 1 . 3 . Largest Group 3 | . . 1 . 3 2 Highest-Rated Group 76 | . . 31 . 76 45 Highest-Rated Ally 31 | . . 31 . 31 31 Total Orders 5 | . . . . . 5 EXPLORE 3 | . . . . . 3 RETURN 2 | . . . . . 2 Ally Attacks 43 | . . 2 . 6 35 Total Damage 671 | . . 42 . 63 566 Kills 6 | . . . . 1 5 Allies Corrupted . | . . . . . . Allies Melted . | . . . . . . Intel | -11 -10 -10 -10 -9 -8 ------- Run | Scr Mat Min Exi Min Mat Robot Analysis Total 2 | . 2 . . . . Derelict Logs Recovered 3 | . . 2 . 1 . Drone Launches 13 | . . . . . 13 Drone Recoveries 11 | . . . . . 11 Exploration | -11 -10 -10 -10 -9 -8 ------------- Run | Scr Mat Min Exi Min Mat Turns Passed 3502 | 86 863 817 260 558 918 Spaces Moved 2459 | 45 679 619 215 427 474 Core 11 | 11 . . . . . Treads . | . . . . . . Legs 255 | 34 86 . . . 135 Wheels 2193 | . 593 619 215 427 339 Hover . | . . . . . . Flight . | . . . . . . Fastest Speed 50 | 50 105 105 120 115 108 Average Speed 118 | 133 106 113 120 116 140 Slowest Speed 270 | 200 120 120 120 120 270 Overloaded Moves . | . . . . . . Propulsion Burnouts . | . . . . . . Robots Hopped . | . . . . . . Cave-ins Triggered . | . . . . . . Exploration Rate (%) 64 | 4 97 94 57 70 65 Regions Visited 5 Branch Regions 3 Pre-discovered Areas 5 | . 2 1 1 . 1 Known Exits Taken 1 | . . 1 . . . Unknown Exits Taken 4 | 1 1 . 1 1 . Scrap Searched 5 | . . 1 . 4 . Spaces Dug 1 | . . . . . 1 Terrain Destroyed 116 | . 16 44 . . 56 Melee 1 | . . . . . 1 Projectile 15 | . . . . . 15 AOE 100 | . 16 44 . . 40 Terrain Rammed . | . . . . . . Walls Destroyed . | . . . . . . Machines Disabled . | . . . . . . Actions | -11 -10 -10 -10 -9 -8 --------- Run | Scr Mat Min Exi Min Mat Total 2878 | 63 782 689 218 483 643 Wait 134 | . 32 22 . 36 44 Move 2454 | 44 678 618 214 426 474 Hop . | . . . . . . Pick Up 67 | 7 22 12 1 7 18 Fast Attach 17 | 7 3 . . . 7 Attach 15 | . 2 1 . 2 10 Detach 6 | . . . . . 6 Swap 19 | . 9 4 1 2 3 Drop 59 | 2 17 7 2 7 24 Fire 106 | 3 19 25 . 3 56 Melee 1 | . . . . . 1 Ram . | . . . . . . Kick . | . . . . . . Crush . | . . . . . . Escape Stasis . | . . . . . . Rewire . | . . . . . . Trap . | . . . . . . Miscellaneous . | . . . . . . Route ------- -11/Scrapyard -10/Materials (discovered 5 exits: [*Mat x3] / *Min x2) -10/Mines (discovered 3 exits: [*Mat x2] / *Exi) -10/Exiles -9/Mines (discovered 2 exits: *Mat x2) -8/Materials (discovered 1 exit: [*Fac]) History --------- Turn | Location | Event 9 | -11/Scrapyard | Discovered new exit (range 16) 87 | -11/Scrapyard | Entered Materials 312 | -10/Materials | Build established: Mutant 346 | -10/Materials | Discovered new exit (range 9) 379 | -10/Materials | Discovered new exit (range 13) 495 | -10/Materials | Discovered new exit (range 7) 531 | -10/Materials | Central database locked down 578 | -10/Materials | Discovered new exit (range 9) 747 | -10/Materials | Discovered new exit (range 5) 950 | -10/Materials | Entered Mines 966 | -10/Mines | Learned Materials stockpile data 986 | -10/Mines | Escorted by a lone wolf Derelict 1006 | -10/Mines | Learned location of Storage (-7) 1082 | -10/Mines | Discovered new exit (range 7) 1156 | -10/Mines | Identified exit to Exiles 1299 | -10/Mines | Met a Derelict shopkeep closing up shop 1681 | -10/Mines | Discovered new exit (range 10) 1763 | -10/Mines | Deemed a non-threat by the Exiles lab entrance 1767 | -10/Mines | Entered Exiles 1796 | -10/Exiles | Met 8R-AWN 1815 | -10/Exiles | Met EX-HEX 1856 | -10/Exiles | Met EX-BIN 1932 | -10/Exiles | Met EX-DEC 1943 | -10/Exiles | Learned location of Zion (-7) 2015 | -10/Exiles | Discovered new exit (range 12) 2027 | -10/Exiles | Entered Mines 2033 | -9/Mines | Discovered new exit (range 10) 2154 | -9/Mines | Discovered new exit (range 4) 2220 | -9/Mines | Received a Mining Laser from a helpful Derelict 2411 | -9/Mines | Found the Drone Emporium 2419 | -9/Mines | Found Prototype Device 2585 | -9/Mines | Entered Materials 2585 | -8/Materials | Accompanied by 2 allies 2585 | -8/Materials | Evolved 4 slots: Propulsion x1, Utility x3 2586 | -8/Materials | Identified Decoy Drone Bay 2590 | -8/Materials | Led the pair of lost Derelicts to an unsafe place 3142 | -8/Materials | Destroyed 9 combat bots 3255 | -8/Materials | Discovered new exit (range 17) 3503 | -8/Materials | Self-destructed Last Messages --------------- 03403_ G-47 Trooper destroyed. 03439_ Slug penetrates Wall. 03441_ Slug penetrates W-25 Informer. 03441_ Destroyed Imp. Hover Unit. 03441_ W-25 Informer destroyed. 03444_ Acquired 29 matter. 03446_ K-01 Serf collects debris. 03447_ U-05 Engineer builds a Wall. 03450_ K-01 Serf collects debris. 03452_ U-05 Engineer builds a Wall. 03455_ K-01 Serf collects debris. 03459_ U-05 Engineer builds a Wall. 03497_ S-10 Pest destroyed. 03497_ U-05 Engineer lays Concrete. 03498_ K-01 Serf collects debris. 03499_ K-01 Serf destroyed. 03499_ Destroyed Lgt. Ion Engine. 03499_ S-10 Pest destroyed. 03501_ The unstable cave ceiling collapses. 03501_ S-10 Pest destroyed. Map ----- +----------------------------------------------------+ | ###### """ + + """ [ #???????????????????? | | ?????# # # ]]#???????????????????? | | ?????# # # #???????????????????? | | ?????########### ###########???????????????????? | | ??????????????# ########?????????????????????? | | ??????????????# #?????????????????????? | | ??????????????# = % #?????????????????????? | | ??????????????# ! #?????????????????????? | | ??????????????# #### #?????????????????????# | | ??????????????#######?## ##????????????????????# | | ??????????????????????# #????????????????????# | | ??????????????????????# ##???????????????????# | | ??????????????????????# #???????????????????# | | ##????????????????????# % #???????????????????# | | #???????????????????? ????????????????????# | | #???????????????????? ????????????????????? | | #????????????????????# = ????????????????????? | | #????????????????????# * ?????????????????????? | | #???????????????????## ?????????????????????? | | #???????????????????# ######???????????????? | | ##???????????????????## # ????????????????? | | ?????????????????????# [ ??????????????????? | | ?????????????????????# ???????????????????? | | ?????????????????????? u ????????????????????? | | ???????????????????????# #?????????????????????? | | ??????????# ######## @ +?????????????????????? | | ??????????# #?????????????????????? | | ?????? / #?????????????????????? | | ??????????# #?????????????????????? | | ??????????# ######## #?????????????????????? | | ??????????## ?????????# #?????????????????????? | | ???????????????????????# #?????????????????????? | | ???????????????????????# #????????????#+###/#### | | ???????????????????????# #?????????#### | | ???????????????????????# #????????##!! ### | | ##?????????????????????# #????????#! #?? | | #????????????????????? ????????#! ### | | #????????????????????? ????????#! / | | #????????????????????? ????????#! / | | #????????????????????? ! #???????##!! = | | ##????????????????????? #????????#### = | | ???????????????????????# ####???????????# ] | | ###????????????????????# ???????????????# ] | | !#????????????????????? ???????????????# ### | | #????????????????????? ???????????????# #?? | | #????????????????????? ???????????????# #?? | | #????????????????????? ???????????????# #?? | | #????????????????????????????????? "?# #?? | | [#????????????????????????????????# T"# #?? | | #????????????????????????????????# ""# o # | +----------------------------------------------------+ Best States ------------- Heat Dissipation 47 Energy Generation 14 Energy Capacity 280 Matter Stores 300 Matter Capacity 300 Sight Range 20 Terrain Scan Density 10 Additional Mass Support 9 Armor Coverage 375 Resistance: TH 10 Weapon Shielding 33 Evasion (%) 55 Targeting Accuracy 8 Item Schematics ----------------- None Robot Schematics ------------------ None Fabricated ------------ Nothing Alien Tech Used ----------------- None Achievements -------------- None Challenges ------------ None Game ------ Seed LatentCoilBattery Manual? 0 Play Time 01:01:28 Cumulative 163.4 hours Start 2022.03.19 @ 21:09:29 End 2022.03.19 @ 23:40:53 Sessions 1 Manual Loads 0 Difficulty Rogue Special Mode None Game No. 157 Rogue 157 Adventurer 0 Explorer 0 Win Type - Total 0 Types 0/0/0/0/0/0/0/0/0 Lore% 39 Gallery% 46 Achievement% 35 Wizard Run 0 Options --------- ASCII 0 Keyboard 0 Movement Mouse Keybinds 0 Fullscreen 1 Font 16/SmallcapsGlow Map View 75x55 Tactical HUD 1 Map Filters NONE Filters NONE Steam 1 RUN: 5e02d783-f26d-47a2-9049-feb209ec2465